 Dungeon Crawl Stone Soup version 0.24.0-13-gcf9b319 (webtiles) character file.

Game seed: 2189220483674577475, levelgen mode: deterministic

396 Bronimir the Firebug (level 6, -1/54 HPs)
             Began as an Ogre Fire Elementalist on Mar 30, 2020.
             Slain by Blork the orc
             ... wielding a +0 war axe
              (5 damage)
             ... on level 4 of the Dungeon.
             The game lasted 00:12:25 (5546 turns).

Bronimir the Firebug (Ogre Fire Elementalist)       Turns: 5546, Time: 00:12:26

Health: -1/54      AC:  4    Str: 12 (15) XL:     6   Next: 82%
Magic:  2/11       EV: 10    Int: 15 (16) God:
Gold:   158        SH:  0    Dex:  6 (9)  Spells: 2/12 levels left

rFire    . . .     SeeInvis .   a - +1 flail (drain)
rCold    . . .     Gourm    .   (no shield)
rNeg     . . .     Faith    .   r - +1 robe
rPois    .         Spirit   .   (helmet restricted)
rElec    .         Reflect  .   (no cloak)
rCorr    .         Harm     .   (gloves unavailable)
MR       .....                  (boots unavailable)
Stlth    +.........             (no amulet)
HPRegen  0.18/turn              (no ring)
MPRegen  0.12/turn              (no ring)

@: lethally poisoned (-1 -> -3)
A: large, unfitting armour, tough skin 1
a: no special abilities


You were on level 4 of the Dungeon.
You were near starving.

You visited 1 branch of the dungeon, and saw 4 of its levels.

You collected 158 gold pieces.

Inventory:

Hand Weapons
 a - a +1 flail of draining (weapon)
 p - a +0 hunting sling
 s - a +0 trident
 t - a +0 hand axe
Missiles
 d - 23 sling bullets
 e - 69 stones
 f - 17 arrows
 j - 35 bolts
 o - 5 poisoned darts (quivered)
Armour
 r - a +1 robe (worn)
Scrolls
 i - 2 scrolls of amnesia
 n - a scroll of enchant armour
Potions
 g - a potion of flight
Comestibles
 c - 7 rations


   Skills:
 + Level 0.9 Fighting
 + Level 0.9(1.0) Maces & Flails
 * Level 2.5 Throwing
 + Level 2.5 Dodging
 - Level 1.4 Stealth
 * Level 3.6 Spellcasting
 * Level 3.0 Conjurations
 * Level 4.2 Fire Magic


You had 2 spell levels left.
You knew the following spells:

 Your Spells              Type           Power        Failure   Level  Hunger
a - Flame Tongue          Conj/Fire      ##...        4%          1    None
b - Throw Flame           Conj/Fire      ##....       6%          2    ##.....
c - Conjure Flame         Conj/Fire      ##......     13%         3    ###....
d - Sticky Flame          Conj/Fire      ##......     38%         4    ####...

Your spell library contained the following spells:

 Spells                   Type           Power        Failure   Level  Hunger
 Inner Flame              Hex/Fire       #.......     24%         3    ###....
 Fireball                 Conj/Fire      ##........   75%         5    ######.


Dungeon Overview and Level Annotations

Branches:
Dungeon (4/15)
 Temple: D:4-7

Altars:

Annotations:
D:4 Blork the orc


Innate Abilities, Weirdness & Mutations

You are too large for most types of armour.
You have tough skin. (AC +1)


Message History

The magic dart hits you.
Blork the orc looks encouraged for a moment.
Blork the orc zaps a wand.
The puff of flame misses you.
Found a stone staircase leading down.
You feel sick. Blork the orc casts a spell at you. The puff of flame hits you!
* * * LOW HITPOINT WARNING * * *
Okay, then.
As you read the scroll of fog, it crumbles to dust.
The scroll dissolves into smoke.
You feel sick.
Sorry, you're not good enough to have a special ability.
Blork the orc looks braver for a moment.
You aren't carrying any items that you can evoke without wielding.
You feel sick.
Blork the orc hits you with a +0 war axe.
* * * LOW HITPOINT WARNING * * *
There is a stone staircase leading down here.
Blork the orc hits you with a +0 war axe.
You die...

#.#
#§##+#
#§§#.#
##§#§#
#§§§#
##§.#
#.§#
######.o#
.......@#
#########


You could see Blork the orc.

Vanquished Creatures
  3 orc priests (D:3)
  Jessica (D:2)
  An orc wizard (D:4)
  7 gnolls (D:3)
  2 adders
  An ooze (D:1)
  2 worms
  4 dart slugs
  5 leopard geckos
  17 orcs
  15 bats
  8 giant cockroaches
  9 goblins
  6 hobgoblins
  5 jackals
  8 kobolds
  3 quokkas
  A ball python (D:3)
  6 frilled lizards
  14 rats
118 creatures vanquished.

Vanquished Creatures (others)
  An orc wizard (D:4)
1 creature vanquished.

Grand Total: 119 creatures vanquished

Notes
Turn   | Place    | Note
-------+----------+-------------------------------------------
     0 | D:1      | Bronimir the Ogre Fire Elementalist began the quest for the
                  | Orb.
     0 | D:1      | Reached XP level 1. HP: 16/16 MP: 3/3
    57 | D:1      | Reached skill level 1 in Conjurations
    58 | D:1      | Reached skill level 3 in Fire Magic
    58 | D:1      | Reached XP level 2. HP: 16/24 MP: 0/5
   615 | D:1      | Reached XP level 3. HP: 24/31 MP: 6/6
  1059 | D:1      | Learned a level 2 spell: Throw Flame
  1063 | D:1      | Learned a level 3 spell: Conjure Flame
  1723 | D:2      | Noticed Jessica
  1728 | D:2      | Killed Jessica
  1728 | D:2      | Reached XP level 4. HP: 40/40 MP: 8/8
  2515 | D:3      | Reached skill level 1 in Throwing
  2515 | D:3      | Reached XP level 5. HP: 31/46 MP: 3/9
  3529 | D:3      | Reached XP level 6. HP: 54/54 MP: 3/10
  3963 | D:3      | Reached skill level 4 in Fire Magic
  5454 | D:4      | Learned a level 4 spell: Sticky Flame
  5509 | D:4      | Noticed Blork the orc
  5546 | D:4      | Slain by Blork the orc

Levels and vault maps discovered:
D:1:      onia_arrival_mini_spirals, layout_basic, st_stairs_13,
          minmay_pentomino_x2
D:2:      minmay_chambers_of_ones, layout_loops_ring, uniq_jessica
D:3:      cheibrodos_pilgrimage, layout_basic, first_ration
D:4:      layout_basic, minmay_ruptured, uniq_blork_the_orc

Skill      XL: |  1  2  3  4  5  6 |
---------------+-------------------+-----
Conjurations   | 1 2 3 |  3.0
Fire Magic     | 3 4 |  4.2
Dodging        | 2 |  2.5
Throwing       | 1 2 |  2.5
Spellcasting   | 3 |  3.6
Fighting       | |  0.9
Maces & Flails | |  0.9
Stealth        | |  1.4

Action                   |  1- 3 |  4- 6 || total
-------------------------+-------+-------++-------
Melee: Whip              |   136 |    15 ||   151
       Hand axe          |       |    23 ||    23
       Flail             |       |    46 ||    46
Throw: Dart              |     5 |    81 ||    86
       Stone             |       |     3 ||     3
 Cast: Flame Tongue      |    15 |   118 ||   133
       Throw Flame       |       |     3 ||     3
  Use: Scroll            |       |     6 ||     6
       Potion            |       |     3 ||     3
 Stab: Sleeping          |     5 |     1 ||     6
  Eat: Chunk             |     2 |    11 ||    13
Armor: Robe              |    54 |    71 ||   125
Dodge: Dodged            |   100 |   129 ||   229
